 Dungeon Crawl Stone Soup version 0.29-a0-414-g5075937 (webtiles) character file.

Game seed: 11518235870362224943

2616 Geeful the Ruffian (level 9, -3/55 HPs)
             Began as an Octopode Transmuter on May 15, 2022.
             Was a Follower of Hepliaklqana.
             Killed by divine providence
             ... invoked by an orc priest
              (12 damage)
             ... on level 8 of the Dungeon.
             The game lasted 00:41:38 (10712 turns).

Geeful the Ruffian (Octopode Transmuter)           Turns: 10712, Time: 00:41:39

Health: -3/55      AC:  2    Str: 13    XL:     9   Next: 60%
Magic:  13/17      EV: 23    Int: 16    God:    Hepliaklqana [*.....]
Gold:   377        SH:  0    Dex: 17    Spells: 9/19 levels left

rFire   . . .      SeeInvis .     - Unarmed
rCold   . . .      Faith    .   (shield currently unavailable)
rNeg    . . .      Spirit   .   (helmet currently unavailable)
rPois   x          Reflect  .   (no amulet)
rElec   .          Harm     .   (no ring)
rCorr   .          Rampage  .   (no ring)
Will    .....                   (no ring)
Stlth   ++........              (no ring)
HPRegen 0.18/turn               (no ring)
MPRegen 0.15/turn               (no ring)
                                (no ring)
                                (no ring)

@: spider-form, wereblooded
A: venomous fangs, reduced essence, almost no armour, (amphibious), 8 rings,
tiny, (camouflage 1), (gelatinous body 1), (nimble swimmer 1), (tentacles)
a: End Transformation, Renounce Religion, Recall Ancestor, Ancestor Identity


You were on level 8 of the Dungeon.
You worshipped Hepliaklqana.
Hepliaklqana was aware of your devotion.
You were a venomous arachnid creature.
You visited 1 branch of the dungeon, and saw 8 of its levels.

You collected 377 gold pieces.

Inventory:

Wands
 b - a wand of polymorph (8)
 o - a wand of flame (15)
 p - a wand of digging (9)
 u - a wand of iceblast (6)
Scrolls
 c - 2 scrolls of teleportation
 j - 3 scrolls of blinking
 m - 2 scrolls of poison
 s - a scroll of fog
Potions
 a - a potion of attraction
 e - 5 potions of flight
 f - 2 potions of might
 g - 4 potions of curing
 h - a potion of haste {unknown}
 i - a potion of degeneration {unknown}
 k - a potion of ambrosia {unknown}
 l - 3 potions of brilliance
 n - a potion of magic {unknown}
 q - a potion of mutation
 r - a potion of invisibility {unknown}
 t - a potion of cancellation {unknown}


   Skills:
 + Level 5.7 Fighting
 + Level 6.0 Dodging
 + Level 6.3 Unarmed Combat
 + Level 5.5 Spellcasting
 + Level 5.9 Transmutations


You had 9 spell levels left.
You knew the following spells:

 Your Spells              Type           Power      Damage    Failure   Level
a - Beastly Appendage     Tmut           46%        N/A       6%          1
b - Wereblood             Tmut           23%        N/A       8%          2
c - Spider Form           Tmut/Pois      14%        N/A       30%         3
d - Ignite Poison         Fire/Tmut/Pois 10%        N/A       38%         3
e - Apportation           Tloc           8%         N/A       32%         1

Your spell library contained the following spells:

 Spells                   Type           Power      Damage    Failure   Level
 Ice Form                 Ice/Tmut       14%        N/A       61%         4
 Mephitic Cloud           Conj/Pois/Air  4%         N/A       63%         3
 Alistair's Intoxication  Tmut/Pois      9%         N/A       89%         5
 Freezing Cloud           Conj/Ice/Air   2%         6-21      99%         5


Dungeon Overview and Level Annotations

Branches:
Dungeon (8/15)             Temple (0/1) D:6
   Lair: D:8-11

Altars:
Fedhas
Hepliaklqana
Makhleb
Ru
Xom

Annotations:
D:1 exclusion: downstairs


Innate Abilities, Weirdness & Mutations

You are a venomous arachnid creature.
You have poisonous fangs.
You are tiny and dextrous.
Your spellcasting is less reliable in this form.
Your armour is entirely melded.
You are incapable of wielding weapons or throwing items.
Your life essence is reduced to manifest your ancestor. (-10% HP)
You cannot wear most types of armour.
((You are amphibious.))
You can wear up to eight rings at the same time.
((Your skin changes colour to match your surroundings (Stealth+).))
((Your rubbery body absorbs attacks. (AC +1, EV +1)))
((You are camouflaged when in or above water. (Stealth+)))
((You have tentacles for arms and can constrict up to eight enemies at once.))


Message History

Found a ring mail.
Xochitl hits the wyvern but does no damage.
An orc comes into view. It is wielding a +0 dagger.
The bullfrog barely misses you. The bullfrog closely misses you.
The wyvern misses you.
An orc warrior comes into view. It is wielding a +0 war axe.
Xochitl hits the wyvern but does no damage.
You bite the bullfrog!
The bullfrog is poisoned.
The bullfrog is heavily wounded.
The bullfrog misses you. The wyvern bites you.
You closely miss the bullfrog.
The bullfrog is heavily wounded.
The bullfrog hits you.
Xochitl hits the wyvern.
The wyvern bites you! The bullfrog completely misses you.
You barely miss the bullfrog.
The bullfrog is heavily wounded.
The wyvern bites you!
Xochitl closely misses the wyvern.
An orc priest comes into view. It is wielding a +0 short sword.
The bullfrog completely misses you. The wyvern completely misses you.
You completely miss the bullfrog.
The bullfrog is severely wounded.
The bullfrog barely misses you.
Xochitl hits the wyvern.
An orc wizard comes into view. It is wielding a +0 dagger.
The wyvern misses you.
You bite the bullfrog!
You feel a bit better.
You kill the bullfrog!
The wyvern bites you!
* * * LOW HITPOINT WARNING * * *
Xochitl closely misses the wyvern.
The orc priest looks satisfied for a moment.
The wyvern misses you.
Xochitl hits the wyvern but does no damage.
The wyvern bites you.
* * * LOW HITPOINT WARNING * * *
The orc wizard mumbles some strange words.
The orc wizard flickers and vanishes!
Deactivating autopickup; reactivate with Ctrl-A.
The orc priest invokes the aid of Beogh against you.
Beogh smites you!
You die...

### #### ###..
.....
###...##...#
#........# #
#...s...#
....#.Rl...##
............#
......oo.......
##............#
#.............#
##.....{.......
#.....#.o.....
#...... #..[...


You could see the friendly Xochitl the ancestor, an orc warrior, a wyvern (ally
target), an orc priest and an orc.

Vanquished Creatures
  A komodo dragon (D:7)
  Sigmund (D:2)
  A steam dragon (D:6)
  A water moccasin (D:6)
  A black bear (D:7)
  A sky beast (D:6)
  An ice beast (D:7)
  An ogre (D:6)
  2 centaurs (D:7)
  A kobold brigand (D:7)
  Blork the orc (D:5)
  3 bullfrogs
  2 necrophages
  3 wights (D:7)
  2 hounds
  A jelly (D:6)
  4 orc priests
  Terence (D:2)
  6 iguanas
  4 orc wizards
  Robin (D:2)
  12 adders
  An ufetubus (D:5)
  3 dart slugs
  19 orcs
  12 ball pythons
  2 endoplasms
  5 giant cockroaches
  14 goblins
  11 hobgoblins
  11 jackals
  18 kobolds
  3 quokkas
  5 bats
  7 frilled lizards
  3 rats
  A spectral kobold (D:5)
166 creatures vanquished.

Vanquished Creatures (collateral kills)
  A centaur (D:7)
1 creature vanquished.

Vanquished Creatures (others)
  An ancestor (D:7)
  6 demonic plants (D:1)
  5 fungi
  6 plants (D:1)
  4 withered plants (D:1)
22 creatures vanquished.

Grand Total: 189 creatures vanquished

Notes
Turn   | Place    | Note
-------+----------+-------------------------------------------
     0 | D:1      | Geeful the Octopode Transmuter began the quest for the Orb.
     0 | D:1      | Reached XP level 1. HP: 13/13 MP: 3/3
   343 | D:1      | Reached XP level 2. HP: 18/18 MP: 3/5
   369 | D:1      | Found a faded altar of an unknown god.
   547 | D:1      | Learned a level 2 spell: Wereblood
   946 | D:1      | Reached XP level 3. HP: 23/23 MP: 3/6
  1717 | D:2      | Reached XP level 4. HP: 29/29 MP: 3/7
  1828 | D:1      | Learned a level 3 spell: Spider Form
  1894 | D:2      | Identified the +1 helmet of Least Resistance {rCorr Slay+2}
  1894 | D:2      | Noticed Robin
  1908 | D:2      | Killed Robin
  1909 | D:2      | Noticed Terence
  1931 | D:2      | Killed Terence
  1932 | D:2      | Reached XP level 5. HP: 9/34 MP: 5/9
  2420 | D:2      | Noticed Sigmund
  2689 | D:2      | Killed Sigmund
  2690 | D:2      | Reached XP level 6. HP: 37/41 MP: 6/10
  3679 | D:3      | Found a blossoming altar of Fedhas.
  3994 | D:3      | Learned a level 3 spell: Ignite Poison
  4137 | D:4      | Reached XP level 7. HP: 31/46 MP: 9/12
  4858 | D:4      | Found a large runed translucent door.
  4860 | D:4      | Found a large runed translucent door.
  4877 | D:4      | Found a shimmering altar of Xom.
  4964 | D:4      | Found a sacrificial altar of Ru.
  5685 | D:5      | Entered Level 5 of the Dungeon
  5730 | D:5      | Noticed Blork the orc
  5744 | D:5      | Killed Blork the orc
  6008 | D:5      | Learned a level 1 spell: Apportation
  6183 | D:5      | Found a hazy altar of Hepliaklqana.
  6196 | D:5      | Became a worshipper of Hepliaklqana the Forgotten
  7068 | D:6      | Reached XP level 8. HP: 54/54 MP: 12/14
  7341 | D:6      | Reached skill level 5 in Unarmed Combat
  7640 | D:6      | Found a burning altar of Makhleb.
  7869 | D:6      | Found a staircase to the Ecumenical Temple.
  7991 | D:6      | Reached skill level 5 in Dodging
  8250 | D:6      | Reached skill level 5 in Transmutations
  8482 | D:6      | Reached * piety under Hepliaklqana
  8748 | D:7      | HP: 2/48 [centaur (6)]
  8953 | D:7      | Reached skill level 5 in Fighting
  8953 | D:7      | Reached XP level 9. HP: 40/54 MP: 16/16
  9066 | D:7      | Reached skill level 5 in Spellcasting
 10381 | D:7      | Noticed a komodo dragon
 10395 | D:7      | Killed a komodo dragon
 10712 | D:8      | Killed from afar by an orc priest

Illustrated notes

Levels and vault maps discovered:
D:1:      evilmike_arrival_crescent, layout_loops_ring,
          shapermc_ecumenical_altar_gd
D:2:      layout_basic, patterned_corridor, uniq_robin, uniq_terence,
          uniq_sigmund
D:3:      minmay_inner_zag, layout_loops_ring, mainiacjoe_overflow_boulevard
D:4:      due_chaos_kobolds, layout_loops_corners,
          mainiacjoe_overflow_tiny_flanked
D:5:      layout_basic, nicolae_hepliaklqana_monster_ancestors,
          uniq_blork_the_orc
D:6:      layout_loops_corners, old_standard_altar,
          minmay_temple_entry_drinking_statues, minmay_strange_pillars
D:7:      layout_gridville, nrook_uturn, kennysheep_generic_room_9
D:8:      layout_cave_pools, mainiacjoe_overflow_chevrons,
          overflow_temple_1_default, mainiacjoe_overflow_divided_tiny,
          uniq_maggie

Skill      XL: |  1  2  3  4  5  6  7  8  9 |
---------------+----------------------------+-----
Fighting       | 2 3 5 |  5.7
Dodging        | 3 4 5 6 |  6.0
Unarmed Combat | 4 5 6 |  6.3
Spellcasting   | 3 4 5 |  5.5
Transmutations | 3 4 5 |  5.9

Action                   |  1- 3 |  4- 6 |  7- 9 || total
-------------------------+-------+-------+-------++-------
Melee: Unarmed           |    76 |   120 |   228 ||   424
       Tentacles         |    22 |    14 |    32 ||    68
       Constrict         |    21 |    23 |    34 ||    78
       Kick              |    18 |    25 |    61 ||   104
       Punch             |     1 |     3 |     4 ||     8
 Cast: Beastly Appendage |    20 |    12 |    32 ||    64
       Wereblood         |     5 |     6 |     6 ||    17
       Spider Form       |       |     3 |     8 ||    11
Invok: Ancestor Identity |       |       |     1 ||     1
Evoke: Wand              |       |       |    18 ||    18
  Use: Scroll            |     1 |     6 |    11 ||    18
       Potion            |       |     1 |     6 ||     7
 Stab: Sleeping          |     4 |    10 |     5 ||    19
Armor: Skin              |     1 |    38 |    11 ||    50
Dodge: Dodged            |    34 |    64 |   186 ||   284

Table legend: (Time is in decaauts)
 A = Elapsed time spent in this place.
 B = Non-inter-level travel time spent in this place.
 C = Inter-level travel time spent in this place.
 D = Time resting spent in this place.
 E = Time spent auto-exploring this place.
 F = Levels seen in this place.
 G = Mean time per level.
                   A        B        C        D        E       F      G
               +--------+--------+--------+--------+--------+-----+--------+
         Total |  10679 |  10392 |    287 |   1159 |   7825 |   8 | 1334.9 |
       Dungeon |  10679 |  10392 |    287 |   1159 |   7825 |   8 | 1334.9 |
               +--------+--------+--------+--------+--------+-----+--------+

Top non-repeatable levels by time:
     D:7: 1961 daAuts
     D:1: 1698 daAuts
     D:6: 1662 daAuts
     D:4: 1556 daAuts
     D:5: 1373 daAuts
     D:3: 1360 daAuts
     D:2: 1056 daAuts
     D:8: 10 daAuts
